 Dungeon Crawl Stone Soup version 0.23.2-40-g277498a (webtiles) character file.

Game seed: 14142459759197795735

5448 azarias the Bludgeoner (level 10, -2/90 HPs)
             Began as a Minotaur Gladiator on Aug 25, 2019.
             Was a Believer of Makhleb.
             Slain by a porcupine (12 damage)
             ... on level 8 of the Dungeon.
             The game lasted 00:14:32 (8083 turns).

azarias the Bludgeoner (Minotaur Gladiator)         Turns: 8083, Time: 00:14:33

Health: -2/90      AC:  9    Str: 21    XL:     10   Next: 41%
Magic:  9/9        EV:  9    Int:  5    God:    Makhleb [**....]
Gold:   389        SH:  0    Dex: 13    Spells: 9/9 levels left

rFire    . . .     SeeInvis +   J - +1 flail (crush)
rCold    + . .     Gourm    .   (no shield)
rNeg     . . .     Faith    +   x - +0 chain mail (curse)
rPois    .         Spirit   .   (helmet restricted)
rElec    .         Reflect  .   (no cloak)
rCorr    .         Harm     .   D - +0 pair of gloves
MR       .....                  (no boots)
Stlth    ..........             v - amulet of faith
HPRegen  0.25/turn              m - ring of protection from cold
MPRegen  0.11/turn              F - ring of see invisible

@: no status effects
A: retaliatory headbutt, horns 2
a: Minor Destruction, Renounce Religion


You were on level 8 of the Dungeon.
You worshipped Makhleb.
Makhleb was pleased with you.
You were not hungry.

You visited 1 branch of the dungeon, and saw 8 of its levels.
You also visited: Bailey.

You collected 389 gold pieces.

Inventory:

Hand Weapons
 J - a +1 flail of crushing (weapon)
Missiles
 j - 22 poisoned needles
 o - 3 tomahawks (quivered)
 q - 24 bolts
 s - 22 sling bullets
 t - 48 arrows
Armour
 x - a cursed +0 chain mail (worn)
 D - a +0 pair of gloves (worn)
Magical Staves
 c - an uncursed staff of conjuration {unknown}
Jewellery
 a - the amulet of Linehyag {Acrobat rC+++ MR- Stlth+, unknown}
   (You found it on level 7 of the Dungeon)

   [amulet of the acrobat]

   It helps you evade while moving and waiting.
   It renders you almost immune to cold.
   It affects your resistance to hostile enchantments.
   It makes you more stealthy.
 m - a ring of protection from cold (left hand)
 v - an amulet of faith (around neck)
 B - an uncursed ring of wizardry
 F - a ring of see invisible (right hand)
 K - an uncursed ring of magical power
Scrolls
 b - 3 scrolls of teleportation
 d - a scroll of summoning {unknown}
 e - 5 scrolls of remove curse
 h - a scroll of vulnerability {unknown}
 i - a scroll of immolation {unknown}
 l - a scroll of identify
 n - 3 scrolls of fear {unknown}
 w - 2 scrolls of enchant armour
 y - 3 scrolls of blinking
 E - a scroll of amnesia {unknown}
Potions
 g - a potion of ambrosia {unknown}
 k - a potion of flight {unknown}
 p - a potion of berserk rage {unknown}
 u - a potion of haste {unknown}
 z - a potion of cancellation
 A - a potion of curing
 C - a potion of magic {unknown}
 G - a potion of heal wounds {unknown}
 I - a potion of lignification
Comestibles
 f - 16 rations


   Skills:
 + Level 8.5 Fighting
 - Level 16.0 Maces & Flails
 - Level 2.0 Throwing
 - Level 3.2 Dodging


You had 9 spell levels left.
You didn't know any spells.
Your spell library was empty.

Dungeon Overview and Level Annotations

Branches:
Dungeon (8/15)             Temple (0/1) D:7
   Lair: D:8-11

Altars:
Ashenzari
Kikubaaqudgha
Makhleb
Vehumet
Wu Jian
Zin

Shops:
D:2 *


Innate Abilities, Weirdness & Mutations

You reflexively headbutt those who attack you in melee.
You have a pair of horns on your head.


Message History

The basilisk gazes at you.
You turn to flesh and can move again.
You barely miss the basilisk. Your headbutt misses the basilisk.
The basilisk is severely wounded.
The porcupine misses you. The basilisk bites you!
* * * LOW HITPOINT WARNING * * *
Unknown command.
You barely miss the basilisk.
The basilisk is severely wounded.
The porcupine bites you.
* * * LOW HITPOINT WARNING * * *
The basilisk gazes at you.
You are slowing down.
You feel limber!
You feel magically purged.
The porcupine bites you but does no damage.
The basilisk bites you!
* * * LOW HITPOINT WARNING * * *
The porcupine bites you!
You die...

#.# # ## #.# # ... #.#
.. #.# #.# # ... #.# #.#
. ....## #.# #.# #
...P..###.# #.# #
PP....r...#### #.# #
......l@.....# ###.#####
♣.....###)##.# #........
P...P####)##.###.#......
.♣?. #...)..#....####.##
... #...[##.##### #.##
.. #.#####.# #.## . #.#.
#...# #.## ## #.#.#.##
#.## #....☼.#######.#


You could see a basilisk and a porcupine.

Vanquished Creatures
  4 deep elf magi (Bailey)
  2 porcupines (D:8)
  5 sky beasts
  2 black bears (D:8)
  5 ice beasts
  4 ogres
  3 orc warriors
  2 wolves (D:8)
  2 centaurs
  A crocodile (D:8)
  6 bullfrogs
  A scorpion (D:7)
  4 wights (D:5)
  A howler monkey (D:6)
  A crimson imp (D:5)
  A bullfrog zombie (D:5)
  A centaur zombie (D:8)
  4 hounds (D:5)
  A jelly (D:4)
  An orc priest (D:7)
  2 bullfrog skeletons
  A gnoll shaman (D:5)
  An iguana (D:6)
  11 orc wizards
  4 worker ants
  A hound skeleton (D:7)
  4 adders
  8 gnolls
  A white imp (D:8)
  An ooze (D:1)
  An adder skeleton (D:4)
  3 worms
  3 dart slugs
  6 leopard geckos
  27 orcs
  A ball python (D:2)
  7 giant cockroaches
  12 goblins
  6 hobgoblins
  5 jackals
  6 kobolds
  7 quokkas
  5 bats
  6 frilled lizards
  A leopard gecko skeleton (D:6)
  7 rats
188 creatures vanquished.

Vanquished Creatures (others)
  4 toadstools (D:1)
4 creatures vanquished.

Grand Total: 192 creatures vanquished

Notes
Turn   | Place    | Note
-------+----------+-------------------------------------------
     0 | D:1      | azarias the Minotaur Gladiator began the quest for the Orb.
     0 | D:1      | Reached XP level 1. HP: 18/18 MP: 0/0
    39 | D:1      | Reached skill level 4 in Maces & Flails
   131 | D:1      | Reached XP level 2. HP: 25/25 MP: 1/1
   278 | D:1      | Reached skill level 5 in Maces & Flails
   306 | D:1      | Reached XP level 3. HP: 29/30 MP: 2/2
  1028 | D:2      | Found Zin's Purification Station.
  1031 | D:2      | Found a glowing silver altar of Zin.
  1246 | D:2      | Reached XP level 4. HP: 37/37 MP: 3/3
  1262 | D:2      | Reached skill level 6 in Maces & Flails
  1816 | D:3      | Found a shattered altar of Ashenzari.
  1816 | D:3      | Found an ornate altar of the Wu Jian Council.
  1934 | D:4      | Noticed an ogre
  1942 | D:4      | Killed an ogre
  1942 | D:4      | Reached skill level 7 in Maces & Flails
  1942 | D:4      | Reached XP level 5. HP: 29/42 MP: 4/4
  2279 | D:4      | Reached skill level 8 in Maces & Flails
  2762 | D:4      | Noticed a centaur
  2779 | D:4      | Killed a centaur
  2779 | D:4      | Reached XP level 6. HP: 8/50 MP: 5/5
  3289 | D:5      | Entered Level 5 of the Dungeon
  3299 | D:4      | Reached skill level 9 in Maces & Flails
  3704 | D:5      | Reached XP level 7. HP: 33/56 MP: 6/6
  3896 | D:5      | Reached skill level 10 in Maces & Flails
  4100 | D:5      | Reached skill level 11 in Maces & Flails
  4310 | D:5      | Reached XP level 8. HP: 38/62 MP: 7/7
  4498 | D:5      | Found a burning altar of Makhleb.
  4511 | D:5      | Became a worshipper of Makhleb the Destroyer
  4539 | D:5      | Reached skill level 12 in Maces & Flails
  5489 | D:6      | Reached skill level 13 in Maces & Flails
  5687 | D:6      | Reached * piety under Makhleb
  5713 | D:6      | Reached XP level 9. HP: 28/71 MP: 8/8
  6581 | D:7      | Reached skill level 5 in Fighting
  6581 | D:7      | Reached skill level 14 in Maces & Flails
  6583 | D:7      | Found an ancient bone altar of Kikubaaqudgha.
  6651 | D:7      | Found a flagged portal.
  6748 | Bailey   | Entered a bailey
  6754 | Bailey   | Noticed a deep elf mage
  6769 | Bailey   | Killed a deep elf mage
  6967 | Bailey   | Noticed a deep elf mage
  6967 | Bailey   | Noticed a deep elf mage
  6969 | Bailey   | Noticed a deep elf mage
  6974 | Bailey   | Killed a deep elf mage
  6974 | Bailey   | Reached ** piety under Makhleb
  6974 | Bailey   | Reached skill level 15 in Maces & Flails
  6975 | Bailey   | Noticed a deep elf mage
  6986 | Bailey   | Killed a deep elf mage
  6986 | Bailey   | Reached XP level 10. HP: 17/86 MP: 9/9
  6988 | Bailey   | Noticed a sixfirhy
  6988 | Bailey   | Killed a deep elf mage
  6989 | Bailey   | Noticed a deep elf mage
  6989 | Bailey   | Noticed a deep elf mage
  6989 | Bailey   | HP: 1/86 [deep elf mage/stone arrow (28)]
  7460 | D:7      | Found a staircase to the Ecumenical Temple.
  7505 | D:7      | Got a scorched ivory amulet
  7958 | D:8      | Found a radiant altar of Vehumet.
  8052 | D:8      | Reached skill level 16 in Maces & Flails
  8083 | D:8      | Slain by a porcupine

Skill      XL: |  1  2  3  4  5  6  7  8  9 10 |
---------------+-------------------------------+-----
Maces & Flails | 4 5 7 8 9 11 13 15 16 | 16.0
Fighting       | 4 7 8 |  8.5
Throwing       | |  2.0
Dodging        | |  3.2

Action                   |  1- 3 |  4- 6 |  7- 9 | 10-12 || total
-------------------------+-------+-------+-------+-------++-------
Melee: Flail             |    69 |   103 |   308 |    97 ||   577
       Headbutt          |     7 |    21 |    65 |    19 ||   112
Throw: Tomahawk          |       |     2 |     8 |     4 ||    14
       Throwing net      |       |     4 |     3 |       ||     7
  Use: Potion            |       |       |     5 |     1 ||     6
       Scroll            |       |       |     9 |       ||     9
 Stab: Held in net/web   |       |     2 |       |       ||     2
  Eat: Chunk             |     1 |     6 |     9 |     3 ||    19
       Ration            |       |     1 |       |       ||     1
Armor: Leather armour    |     3 |       |       |       ||     3
       Ring mail         |    14 |     9 |       |       ||    23
       Chain mail        |       |    32 |   128 |    26 ||   186
       Skin              |       |       |    12 |       ||    12
Dodge: Dodged            |    56 |    54 |   101 |    36 ||   247
